 Dungeon Crawl Stone Soup version 0.32-a0-900-g30fb1b0edc (webtiles) character file.

Game seed: 5690396621177281999

65 Cheivey the Nimble (level 4, -1/32 HPs)
             Began as a Gnoll Wanderer on Apr 5, 2024.
             Slain by Robin
             ... wielding a +0 spectral club
              (2 damage)
             ... on level 2 of the Dungeon.
             The game lasted 00:01:30 (1023 turns).

Cheivey the Nimble (Gnoll Wanderer)                 Turns: 1023, Time: 00:01:30

Health: -1/32      AC:  4    Str: 16    XL:     4   Next: 13%
Magic:  5/5        EV: 13    Int: 12    God:
Gold:   120        SH:  0    Dex: 10    Spells: 5/5 levels left

rFire   . . .        a - +0 war axe
rCold   . . .        (no shield)
rNeg    . . .        e - +0 leather armour
rPois   .            (no helmet)
rElec   .            (no cloak)
rCorr   .            (no gloves)
SInv    .            c - +0 pair of boots
Will    .....        (no amulet)
Stlth   +            (no ring)
HPRegen 0.25/turn    (no ring)
MPRegen 0.09/turn

%: no passive effects
@: hasted, very quick
A: fangs 1, strong nose, distributed training, hooves 1, clever 1, screaming 1,
subdued magic 1
a: no special abilities


You were on level 2 of the Dungeon.
You visited 1 branch of the dungeon, and saw 2 of its levels.

You collected 120 gold pieces.

Inventory:

Hand Weapons
 a - a +0 war axe (weapon)
 b - a +0 quarterstaff
Missiles
 h - 6 poisoned darts (quivered)
Armour
 c - a +0 pair of boots (worn)
 e - a +0 leather armour (worn)
Scrolls
 i - a scroll of teleportation
Potions
 d - a potion of attraction


   Skills:
 + Level 1.1 Fighting
 + Level 1.1 Short Blades
 + Level 1.1 Long Blades
 + Level 8.5 Axes
 + Level 1.1 Maces & Flails
 + Level 1.1 Polearms
 + Level 4.6 Staves
 + Level 1.1 Ranged Weapons
 + Level 1.1 Throwing
 + Level 1.1 Armour
 + Level 8.5 Dodging
 + Level 1.1 Stealth
 + Level 1.1 Shields
 + Level 1.1 Unarmed Combat
 + Level 1.1 Spellcasting
 + Level 0.8 Conjurations
 + Level 0.8 Hexes
 + Level 0.8 Summonings
 + Level 0.8 Necromancy
 + Level 0.8 Translocations
 + Level 0.8 Fire Magic
 + Level 0.8 Ice Magic
 + Level 0.8 Air Magic
 + Level 0.8 Earth Magic
 + Level 0.8 Alchemy
 + Level 1.2 Invocations
 + Level 1.1 Evocations
 + Level 1.0 Shapeshifting


You had 5 spell levels left.
You didn't know any spells.
Your spell library contained the following spells:

 Spells                   Type           Power      Damage    Failure   Level
 Apportation              Tloc           4%         N/A       22%         1
 Necrotise                Necr           8%         1d4       22%         1
 Sting                    Conj/Alch      8%         1d3       22%         1
 Summon Small Mammal      Summ           8%         N/A       22%         1


Dungeon Overview and Level Annotations

Branches:
Dungeon (2/15) Zot: 10976

Altars:

Annotations:
D:2 Robin


Innate Abilities, Weirdness & Mutations

You have very sharp teeth.
Your uncanny sense of smell can sniff out nearby items.
Your experience applies equally to all skills.
You have large cloven feet.
Your mind is acute. (Int +4, Str/Dex -1)
You occasionally shout uncontrollably at your foes.
Your spells are a little easier to cast, but a little less powerful.


Message History

A goblin comes into view. It is wielding a +0 club.
You closely miss the hobgoblin. You hit the hobgoblin but do no damage.
The hobgoblin hits you.
* * * LOW HITPOINT WARNING * * *
You barely miss the hobgoblin. x3; The hobgoblin closely misses you.
The hobgoblin hits you.
* * * LOW HITPOINT WARNING * * *
The hobgoblin closely misses you.
Robin of the Strong Arm comes into view.
They are wielding a +0 spectral club.
You hit the hobgoblin.
You kill the hobgoblin!
You barely miss the hobgoblin. x2; You hit the hobgoblin.
You kill the hobgoblin!
Robin roars a battlecry!
The goblins go into a battle-frenzy!
The hobgoblin hits you but does no damage.
The hobgoblin misses you.
The ball python hisses angrily.
You hear a shout!
The hobgoblin misses you.
The hobgoblin hits you but does no damage.
The goblin barely misses you.
You hit the goblin.
The goblin is severely wounded.
You completely miss the hobgoblin. You hit the hobgoblin. You hit the goblin.
You kill the goblin!
You hit the hobgoblin. You hit the hobgoblin but do no damage.
The hobgoblin closely misses you. x2
You closely miss the ball python. You hit the hobgoblin.
You kill the hobgoblin!
You closely miss the hobgoblin. The hobgoblin barely misses you.
You slash the ball python!
You kill the ball python!
You barely miss the hobgoblin. You barely miss Robin.
The hobgoblin attacks as it pursues you!
The hobgoblin hits you.
* * * LOW HITPOINT WARNING * * *
Robin hits you with a +0 spectral club.
You die...
Robin calls out, "Let's celebrate!
Time for a feast!"

#.....#
#.....#
#.....###
#.....#.
#......
#.....#
#.....# .
#...@g# #
#...g.#
#....†######
#...........
#.......####
#.......#
#...)...#
#.......####
#...........


You could see Robin and a hobgoblin (strong).

Vanquished Creatures
  Natasha (D:2)
  2 dart slugs (D:1)
  6 endoplasms
  A giant cockroach (D:1)
  4 goblins
  8 hobgoblins
  A quokka (D:1)
  3 ball pythons
  A frilled lizard (D:1)
  2 kobolds
  3 rats (D:1)
32 creatures vanquished.

Notes
Turn   | Place    | Note
-------+----------+-------------------------------------------
     0 | D:1      | Cheivey the Gnoll Wanderer began the quest for the Orb.
     0 | D:1      | Cheivey set off with the following items: a +0 war axe, a
                  | +0 quarterstaff, a +0 pair of boots, a potion of
                  | attraction, a +0 leather armour.
     0 | D:1      | Reached XP level 1. HP: 13/13 MP: 1/1
   138 | D:1      | Reached XP level 2. HP: 19/19 MP: 2/2
   533 | D:1      | Reached XP level 3. HP: 18/25 MP: 3/3
   988 | D:2      | Noticed Natasha
   993 | D:2      | Killed Natasha
   994 | D:2      | Reached skill level 1 in Fighting
   994 | D:2      | Reached skill level 1 in Short Blades
   994 | D:2      | Reached skill level 1 in Long Blades
   994 | D:2      | Reached skill level 1 in Maces & Flails
   994 | D:2      | Reached skill level 1 in Polearms
   994 | D:2      | Reached skill level 1 in Ranged Weapons
   994 | D:2      | Reached skill level 1 in Throwing
   994 | D:2      | Reached skill level 1 in Armour
   994 | D:2      | Reached skill level 1 in Stealth
   994 | D:2      | Reached skill level 1 in Shields
   994 | D:2      | Reached skill level 1 in Unarmed Combat
   994 | D:2      | Reached skill level 1 in Spellcasting
   994 | D:2      | Reached skill level 1 in Invocations
   994 | D:2      | Reached skill level 1 in Evocations
   999 | D:2      | Reached skill level 1 in Shapeshifting
   999 | D:2      | Reached XP level 4. HP: 8/32 MP: 5/5
  1002 | D:2      | Gained mutation: You have large cloven feet. [potion of
                  | mutation]
  1002 | D:2      | Gained mutation: Your spells are a little easier to cast,
                  | but a little less powerful. [potion of mutation]
  1002 | D:2      | Gained mutation: You occasionally shout uncontrollably at
                  | your foes. [potion of mutation]
  1002 | D:2      | Gained mutation: Your mind is acute. (Int +4, Str/Dex -1)
                  | [potion of mutation]
  1015 | D:2      | Noticed Robin
  1023 | D:2      | HP: 1/32 [hobgoblin[Robin] (4)]
  1023 | D:2      | Slain by Robin

Illustrated notes

Levels and vault maps discovered:
D:1:      dpeg_arrival_leaves_temple_mockup, layout_basic,
          wander_ebering_terrifying_dragon_lair
D:2:      layout_rooms, hangedman_abyss_or_decor_stabs, uniq_natasha, uniq_robin

Skill      XL: |  1  2  3 |
---------------+----------+-----
Fighting       | 1 |  1.1
Short Blades   | 1 |  1.1
Long Blades    | 1 |  1.1
Maces & Flails | 1 |  1.1
Polearms       | 1 |  1.1
Ranged Weapons | 1 |  1.1
Throwing       | 1 |  1.1
Armour         | 1 |  1.1
Stealth        | 1 |  1.1
Shields        | 1 |  1.1
Unarmed Combat | 1 |  1.1
Spellcasting   | 1 |  1.1
Invocations    | 1 |  1.2
Evocations     | 1 |  1.1
Shapeshifting  | 1 |  1.0
Axes           | |  8.5
Staves         | |  4.6
Dodging        | |  8.5
Conjurations   | |  0.8
Hexes          | |  0.8
Summonings     | |  0.8
Necromancy     | |  0.8
Translocations | |  0.8
Fire Magic     | |  0.8
Ice Magic      | |  0.8
Air Magic      | |  0.8
Earth Magic    | |  0.8
Alchemy        | |  0.8

Action                     |  1- 3 |  4- 6 || total
---------------------------+-------+-------++-------
  Melee: War axe           |    69 |    12 ||    81
         Bite              |     1 |     1 ||     2
    Use: Scroll            |       |     2 ||     2
         Potion            |       |     2 ||     2
 Armour: Leather armour    |    36 |     7 ||    43
  Dodge: Dodged            |    38 |    10 ||    48

Table legend: (Time is in decaauts)
 A = Elapsed time spent in this place.
 B = Non-inter-level travel time spent in this place.
 C = Inter-level travel time spent in this place.
 D = Time resting spent in this place.
 E = Time spent auto-exploring this place.
 F = Levels seen in this place.
 G = Mean time per level.
                   A        B        C        D        E       F      G
               +--------+--------+--------+--------+--------+-----+--------+
         Total |   1022 |   1000 |     22 |      0 |    824 |   2 |  511.0 |
       Dungeon |   1022 |   1000 |     22 |      0 |    824 |   2 |  511.0 |
               +--------+--------+--------+--------+--------+-----+--------+

Top non-repeatable levels by time:
     D:1: 992 daAuts
     D:2: 29 daAuts
